 Dungeon Crawl Stone Soup version 0.28-a0-1567-g1695149f81 (webtiles) character file.

Game seed: 3489797070473388225

4552 lessens the Thaumaturge (level 10, -4/75 HPs)
             Began as a Deep Elf Venom Mage on Jan 19, 2022.
             Was a Follower of Vehumet.
             Slain by a wraith (8 damage)
             ... on level 7 of the Dungeon.
             The game lasted 00:15:35 (9548 turns).

lessens the Thaumaturge (Deep Elf Venom Mage)       Turns: 9548, Time: 00:15:36

Health: -4/75      AC:  6    Str:  2 (5)  XL:     10   Next: 17%
Magic:  8/27       EV: 12    Int: 22 (25) God:    Vehumet [*.....]
Gold:   350        SH:  0    Dex: 12 (15) Spells: 21/32 levels left

rFire   . . .      SeeInvis .   o - +0 flail (protect)
rCold   . . .      Faith    .   (no shield)
rNeg    . . .      Spirit   .   a - +0 robe
rPois   .          Reflect  .   g - +2 helmet
rElec   .          Harm     .   (no cloak)
rCorr   .          Rampage  .   m - +0 pair of gloves
Will    +....                   (no boots)
Stlth   ..........              (no amulet)
HPRegen 0.22/turn               (no ring)
MPRegen 0.20/turn               (no ring)

@: brilliant, berserking, slowed
A: no striking features
a: Renounce Religion


You were on level 7 of the Dungeon.
You worshipped Vehumet.
Vehumet was aware of your devotion.
You visited 2 branches of the dungeon, and saw 8 of its levels.
You also visited: Sewer.

You collected 350 gold pieces.

Inventory:

Hand Weapons
 j - a +0 dagger of electrocution
 o - a +0 flail of protection (weapon)
 v - the +2 Maxwell's thermic engine {flame, freeze}
   (You found it on level 4 of the Dungeon)

   It burns those it strikes, dealing additional fire damage.
   Big, fiery blades are also staple armaments of hydra-hunters.
   It freezes those it strikes, dealing additional cold damage.
   It can also slow down cold-blooded creatures.
   It becomes more effective when it hits something.
   This effect fades over time.
Missiles
 d - 4 poisoned darts
 i - 131 stones
Armour
 a - a +0 robe (worn)
 g - a +2 helmet (worn)
 m - a +0 pair of gloves (worn)
Jewellery
 A - a +6 ring of strength
Scrolls
 b - a scroll of acquirement {unknown}
 c - 2 scrolls of vulnerability {unknown}
 e - 2 scrolls of amnesia {unknown}
 l - 4 scrolls of identify {unknown}
 p - 2 scrolls of enchant weapon {unknown}
 q - 2 scrolls of fog {unknown}
 s - 4 scrolls of blinking {unknown}
 u - 3 scrolls of enchant armour {unknown}
 x - a scroll of immolation {unknown}
 y - a scroll of teleportation {unknown}
 z - 3 scrolls of fear {unknown}
Potions
 f - 3 potions of brilliance
 h - 3 potions of degeneration
 k - 2 potions of might {unknown}
 n - a potion of heal wounds {unknown}
 r - 2 potions of invisibility {unknown}
 t - 2 potions of berserk rage
 w - a potion of lignification {unknown}


   Skills:
 - Level 2.4 Dodging
 - Level 2.4 Stealth
 + Level 11.9 Spellcasting
 + Level 8.5 Conjurations
 - Level 2.0 Transmutations
 + Level 10.3 Poison Magic


You had 21 spell levels left.
You knew the following spells:

 Your Spells              Type           Power      Damage    Failure   Level
a - Sting                 Tmut/Pois      100%       1d8       1%          1
b - Poisonous Vapours     Pois/Air       100%       N/A       1%          2
c - Mephitic Cloud        Conj/Pois/Air  57%        N/A       1%          3
d - Olgreb's Toxic Radia  Pois           73%        N/A       1%          4
e - Magic Dart            Conj           100%       1d8       1%          1

Your spell library contained the following spells:

 Spells                   Type           Power      Damage    Failure   Level
 Shock                    Conj/Air       100%       1d9       1%          1
 Animate Skeleton         Necr           38%        N/A       4%          1
 Apportation              Tloc           38%        N/A       4%          1
 Summon Small Mammal      Summ           76%        N/A       4%          1
 Call Imp                 Summ           19%        N/A       8%          2
 Call Canine Familiar     Summ           19%        N/A       16%         3
 Inner Flame              Hex/Fire       19%        N/A       16%         3
 Portal Projectile        Hex/Tloc       38%        N/A       16%         3
 Cause Fear               Hex            9%         N/A       45%         4
 Leda's Liquefaction      Hex/Erth       9%         N/A       45%         4
 Discord                  Hex            9%         N/A       100%        8


Dungeon Overview and Level Annotations

Branches:
Dungeon (7/15)             Temple (1/1) D:6           Sewer (visited)

Altars:
Ashenzari
Cheibriados
Dithmenos
Elyvilon
Fedhas
Kikubaaqudgha
Makhleb
Nemelex Xobeh
Okawaru
Qazlal
Ru
Sif Muna
Trog
Vehumet
Wu Jian
Yredelemnul
Zin
The Shining One

Shops:
D:5 (   D:7 *


Message History

The wraith barely misses you.
Casting: Magic Dart (safe; 1% risk of failure)
Confirm with . or Enter, or press ? or * to list all spells.
Aiming: Magic Dart (safe; 1% risk of failure)
Press: ? - help, Shift-Dir - straight line, f/p - wraith
Aim: a wraith (lightly damaged, 100% to hit)
The magic dart hits the wraith but does no damage.
The wraith is lightly damaged.
The wraith hits you but does no damage.
Casting: Magic Dart (safe; 1% risk of failure)
Confirm with . or Enter, or press ? or * to list all spells.
Aiming: Magic Dart (safe; 1% risk of failure)
Press: ? - help, Shift-Dir - straight line, f/p - wraith
Aim: a wraith (lightly damaged, 100% to hit)
The magic dart hits the wraith.
The wraith is lightly damaged.
The wraith hits you. The wraith hits you!
* * * LOW HITPOINT WARNING * * *
The wraith drains your vigour!
You feel as though you will be slow longer.
Okay, then.
It was a potion of brilliance.
You feel clever all of a sudden. The wraith closely misses you.
It was a potion of degeneration.
There was something very wrong with that liquid.
You feel weakened.
You feel dopey.
You feel clumsy. The wraith closely misses you. The wraith hits you!
* * * LOW HITPOINT WARNING * * *
The wraith drains your vigour!
You feel as though you will be slow longer.
It was a potion of berserk rage.
A red film seems to cover your vision as you go berserk!
You feel yourself moving faster!
You feel mighty! The wraith hits you!
* * * LOW HITPOINT WARNING * * *
The wraith drains your vigour!
You feel as though you will be slow longer.
You feel a strong urge to attack something.
The wraith hits you!
You die...

#.....##............###.#.......
#.....##........#...#...........
#...............#...#'##........
#................).).).......)..
#......<.........)..)...........
####........)...................
#..........#W#[..#.)..)##....
#..........#W#...#....)###...
#.......)..#@#####...).###...
#.....).)....#...#...........
#####...........+...'...........
#..............)#...##......)...
#.........##....)...##..........
#.........#...............#.....
###.......#.......####....######
#.......#.......####....#.....
##.......#..........#..[.#.....


You could see 2 wraiths.

Vanquished Creatures
  Pikel (D:4)
  A komodo dragon (D:7)
  2 trolls (D:7)
  Prince Ribbit (D:6)
  Sigmund (D:2)
  2 wyverns (D:7)
  A yak (D:7)
  A steam dragon (D:7)
  Edmund (D:5)
  A water moccasin (D:7)
  A sky beast (D:6)
  2 ice beasts
  An orc warrior (D:7)
  3 ogres
  A necrophage (D:4)
  2 centaurs (D:7)
  2 phantoms
  Blork the orc (D:4)
  A gnoll sergeant (D:5)
  2 scorpions
  A water moccasin zombie (D:5)
  A wyvern skeleton (D:6)
  2 howler monkeys (D:7)
  6 hounds
  3 orc priests
  A bullfrog skeleton (D:6)
  A jelly (D:6)
  A gnoll shaman (D:5)
  An iguana (D:6)
  Jessica (D:2)
  Terence (D:3)
  5 orc wizards
  3 howler monkey zombies
  2 howler monkey skeletons (D:6)
  6 gnolls (D:5)
  4 adders
  2 shadow imps (D:6)
  2 white imps
  2 ufetubi
  An adder skeleton (D:4)
  4 worms
  3 dart slugs
  25 orcs
  6 ball pythons
  5 endoplasms
  2 giant cockroaches (D:3)
  6 goblins
  A hobgoblin (D:1)
  5 jackals
  6 kobolds
  5 quokkas
  11 bats
  4 frilled lizards
  9 rats
166 creatures vanquished.

Vanquished Creatures (others)
  A withered plant (D:1)
1 creature vanquished.

Grand Total: 167 creatures vanquished

Notes
Turn   | Place    | Note
-------+----------+-------------------------------------------
     0 | D:1      | lessens the Deep Elf Venom Mage began the quest for the
                  | Orb.
     0 | D:1      | Reached XP level 1. HP: 10/10 MP: 6/6
   338 | D:1      | Reached XP level 2. HP: 13/15 MP: 4/8
   454 | D:1      | Found a faded altar of an unknown god.
  1281 | D:2      | Learned a level 2 spell: Poisonous Vapours
  1319 | D:2      | Noticed Jessica
  1322 | D:2      | Reached XP level 3. HP: 19/19 MP: 7/10
  1326 | D:2      | Killed Jessica
  1327 | D:2      | Reached skill level 4 in Spellcasting
  1331 | D:2      | Learned a level 3 spell: Mephitic Cloud
  1868 | D:2      | Reached XP level 4. HP: 24/24 MP: 8/12
  1990 | D:2      | Noticed Sigmund
  2000 | D:2      | Killed Sigmund
  2001 | D:2      | Reached skill level 5 in Spellcasting
  2001 | D:2      | Reached skill level 5 in Poison Magic
  2001 | D:2      | Reached XP level 5. HP: 26/28 MP: 3/15
  2357 | D:3      | Identified the +2 storm dragon scales of the Saviour {rElec
                  | Int+7 Dex+4}
  2493 | D:3      | Reached skill level 6 in Spellcasting
  2589 | D:3      | Noticed Terence
  2604 | D:3      | HP: 1/28 [Terence (10)]
  2611 | D:3      | Killed Terence
  2612 | D:3      | Reached XP level 6. HP: 2/32 MP: 7/17
  2675 | D:3      | Found a glowing drain.
  2799 | Sewer    | Entered a sewer
  2978 | Sewer    | Noticed a water moccasin
  2985 | Sewer    | Learned a level 4 spell: Olgreb's Toxic Radiance
  3687 | D:3      | Learned a level 1 spell: Magic Dart
  3699 | D:4      | Noticed Pikel
  3715 | D:4      | Killed Pikel
  3716 | D:4      | Reached skill level 7 in Spellcasting
  3716 | D:4      | Reached XP level 7. HP: 35/36 MP: 8/20
  3719 | D:4      | Noticed Blork the orc
  3728 | D:4      | Killed Blork the orc
  4143 | D:4      | Reached skill level 8 in Spellcasting
  4538 | D:4      | Reached XP level 8. HP: 41/41 MP: 14/22
  4751 | D:4      | Found the +2 Maxwell's thermic engine {flame, freeze}
  4812 | D:5      | Entered Level 5 of the Dungeon
  5212 | D:5      | Reached skill level 9 in Spellcasting
  5212 | D:5      | Reached skill level 5 in Conjurations
  5473 | D:5      | Noticed Edmund
  5486 | D:5      | Killed Edmund
  5872 | D:5      | Found Xuiqur's Antique Weapon Shop.
  6476 | D:6      | Reached XP level 9. HP: 45/45 MP: 17/24
  6769 | D:6      | Found a staircase to the Ecumenical Temple.
  6799 | Temple   | Entered the Ecumenical Temple
  6872 | Temple   | Became a worshipper of Vehumet
  6957 | D:6      | Reached skill level 10 in Spellcasting
  7475 | D:6      | Noticed Prince Ribbit
  7485 | D:6      | Killed Prince Ribbit
  8277 | D:7      | Reached skill level 11 in Spellcasting
  8325 | D:7      | Reached * piety under Vehumet
  8325 | D:7      | Offered knowledge of Shock by Vehumet.
  9006 | D:7      | Found Tiash's General Store.
  9085 | D:7      | Noticed a komodo dragon
  9095 | D:7      | Reached skill level 10 in Poison Magic
  9114 | D:7      | Killed a komodo dragon
  9115 | D:7      | Reached XP level 10. HP: 26/50 MP: 14/27
  9483 | D:7      | Noticed a death knight
  9547 | D:7      | HP: 3/75 [wraith (8)]
  9548 | D:7      | Slain by a wraith

Illustrated notes

Levels and vault maps discovered:
D:1:      minmay_arrival_diagonal_passages, layout_loops_ring,
          shapermc_ecumenical_altar_flowoftime
D:2:      layout_loops_cross, uniq_jessica, uniq_sigmund
D:3:      layout_loops_ring, cheibrodos_sewer_entry_drain,
          minmay_misc_feat_more_columns, glass_columns_b, kennysheep_crisscross,
          dk_noncrumbling_2, minivault_23, uniq_terence
D:4:      layout_basic, kennysheep_dice, uniq_pikel, uniq_blork_the_orc
D:5:      layout_basic, serial_shops, shop_statue, dk_rats_in_the_wall,
          uniq_edmund
D:6:      layout_cave_pods, minmay_temple_entry_crystal_x, grunt_decor_junction,
          uniq_prince_ribbit1
D:7:      layout_basic, serial_shops, nicolae_stop_n_shop_2, minmay_the_grid_2x2
          [minmay_the_grid_all_tris, minmay_the_grid_outer_diamond,
          minmay_the_grid_large_cup,
          minmay_the_grid_prize_four_corners_diamond_a]
Temple:   mainiacjoe_temple_starburst

Skill      XL: |  1  2  3  4  5  6  7  8  9 |
---------------+----------------------------+-----
Transmutations | 2 |  2.0
Spellcasting   | 4 5 6 7 8 9 11 | 11.9
Poison Magic   | 4 5 6 7 8 10 | 10.3
Conjurations   | 3 4 6 8 |  8.5
Dodging        | |  2.4
Stealth        | |  2.4

Action                   |  1- 3 |  4- 6 |  7- 9 | 10-12 || total
-------------------------+-------+-------+-------+-------++-------
Melee: Dagger            |       |     7 |       |       ||     7
       Flail             |       |     3 |    41 |       ||    44
 Cast: Sting             |    78 |    73 |    19 |     4 ||   174
       Poisonous Vapours |       |    20 |    36 |     2 ||    58
       Mephitic Cloud    |       |     1 |     2 |     1 ||     4
       Magic Dart        |       |       |   144 |     7 ||   151
       Olgreb's Toxic Ra |       |       |    41 |     6 ||    47
  Use: Potion            |       |       |       |     3 ||     3
Armor: Robe              |     7 |    15 |    35 |     2 ||    59
Dodge: Dodged            |    23 |    30 |    79 |     9 ||   141

Table legend: (Time is in decaauts)
 A = Elapsed time spent in this place.
 B = Non-inter-level travel time spent in this place.
 C = Inter-level travel time spent in this place.
 D = Time resting spent in this place.
 E = Time spent auto-exploring this place.
 F = Levels seen in this place.
 G = Mean time per level.
                   A        B        C        D        E       F      G
               +--------+--------+--------+--------+--------+-----+--------+
         Total |   9582 |   9326 |    256 |    315 |   7526 |   9 | 1064.7 |
       Dungeon |   9241 |   9039 |    202 |    315 |   7297 |   7 | 1320.1 |
        Temple |    127 |     73 |     54 |      0 |     67 |   1 |  127.0 |
         Sewer |    213 |    213 |      0 |      0 |    162 |   1 |  213.0 |
               +--------+--------+--------+--------+--------+-----+--------+

Top non-repeatable levels by time:
     D:6: 1826 daAuts
     D:7: 1635 daAuts
     D:3: 1279 daAuts
     D:2: 1219 daAuts
     D:4: 1209 daAuts
     D:5: 1157 daAuts
     D:1: 914 daAuts
   Sewer: 213 daAuts
  Temple: 127 daAuts
